[Event "Titled Tuesday Blitz July 6 2021"]
[White "Krivonosov, Oleg"]
[Black "Plat, Vojtech"]
[WhiteFideId "11600349"]
[BlackFideId "325740"]
[WhiteElo "2469"]
[BlackElo "2486"]
[Result "0-1"]
[Round "11"]
[TimeControl "180+1"]
[Date "2021.07.06"]
[WhiteClock "0:00:41"]
[BlackClock "0:01:55"]

1. Nf3 d6 2. d4 Bg4 3. c4 c6 4. Nc3 Nd7 5. e4 e5 6. Be2 Ngf6 7. Be3 a5 8. O-O Be7 9. h3 Bh5 10. d5 O-O 11. Nd2 Bg6 12. Rc1 a4 13. f3 Qa5 14. Qc2 Rfc8 15. Bd3 Nc5 16. a3 cxd5 17. Nxd5 Nxd5 18. cxd5 b5 19. Be2 Bd8 20. Qb1 Bb6 21. Kh2 Nxe4 22. Bxb6 Qxd2 23. fxe4 Qxe2 24. Rxc8+ Rxc8 25. Re1 Qc2 26. Qxc2 Rxc2 27. Ba5 Kf8 28. Bb4 Ke7 29. Kg3 Kd7 30. Kf3 f5 31. exf5 Bxf5 32. g4 Bd3 33. Ke3 Bc4 34. Bc3 Rh2 0-1


[Site "https://www.chess.com"]

[Event "Titled Tuesday Blitz July 6 2021"]
[White "Kubatko, Ivan"]
[Black "Buscar, Michael"]
[WhiteFideId "24111473"]
[BlackFideId "2603616"]
[WhiteElo "2285"]
[BlackElo "2010"]
[Result "0-1"]
[Round "11"]
[TimeControl "180+1"]
[Date "2021.07.06"]
[WhiteClock "0:00:02"]
[BlackClock "0:00:13"]

1. e4 c5 2. Nc3 g6 3. f4 Bg7 4. Nf3 d6 5. Bc4 Nf6 6. d3 Nc6 7. O-O Na5 8. e5 Ng8 9. Bb5+ Bd7 10. exd6 Bxb5 11. Nxb5 exd6 12. Re1+ Ne7 13. f5 O-O 14. fxg6 hxg6 15. Bg5 f6 16. Bf4 Nc8 17. Qe2 Qd7 18. Qe6+ Rf7 19. Qxd7 Rxd7 20. Re8+ Kf7 21. Rae1 Bf8 22. Nxa7 Rxa7 23. Rxc8 Nc6 24. a3 Ne5 25. Bg3 b5 26. Rb8 Rdb7 27. Rxb7+ Rxb7 28. Nd2 Bg7 29. Ne4 Ke6 30. h3 b4 31. axb4 Rxb4 32. b3 f5 33. Nd2 Kd5 34. Bf2 Rb7 35. Kf1 Ra7 36. Nc4 Ra2 37. Ne3+ Ke6 38. Rc1 Bh6 39. Ke2 Nc6 40. Kf1 Nd4 41. Re1 Bxe3 42. Bxe3 Nxc2 43. Re2 Nxe3+ 44. Rxe3+ Kd5 45. h4 Rb2 46. Rg3 Rxb3 47. Rxg6 Rxd3 48. h5 Rd4 49. g3 c4 50. h6 c3 51. Rg8 Rc4 0-1


[Site "https://www.chess.com"]

[Event "Titled Tuesday Blitz July 6 2021"]
[White "Kukhmazov, Arsen"]
[Black "Eternauta2400"]
[WhiteFideId "24108260"]
[WhiteElo "2453"]
[BlackElo "2507"]
[Result "0-1"]
[Round "11"]
[TimeControl "180+1"]
[Date "2021.07.06"]
[WhiteClock "0:01:23"]
[BlackClock "0:02:12"]

1. d4 Nf6 2. c4 e6 3. Nf3 d5 4. e3 Bd6 5. b3 O-O 6. Bb2 c6 7. Bd3 Nbd7 8. O-O Qc7 9. Nc3 dxc4 10. Bxc4 e5 11. dxe5 Nxe5 12. Nxe5 Bxe5 13. h3 Bf5 14. Qc1 Rad8 15. Be2 Rd7 16. Na4 Bxb2 17. Qxb2 Rfd8 18. Rfd1 Ne4 19. Rxd7 Rxd7 20. Rd1 Rxd1+ 21. Bxd1 b5 22. g4 Bg6 0-1


[Site "https://www.chess.com"]

[Event "Titled Tuesday Blitz July 6 2021"]
[White "Ladan, Nicholas"]
[Black "Shukhman, Anna"]
[WhiteFideId "30918855"]
[BlackFideId "54180058"]
[WhiteElo "2452"]
[BlackElo "1628"]
[Result "0-1"]
[Round "11"]
[TimeControl "180+1"]
[Date "2021.07.06"]
[WhiteClock "0:00:15"]
[BlackClock "0:00:16"]

1. d4 f5 2. g4 fxg4 3. e4 d5 4. e5 g6 5. h3 gxh3 6. Nxh3 Bg7 7. Qf3 Bf5 8. Nc3 e6 9. Bg5 Ne7 10. Nf4 O-O 11. O-O-O Nbc6 12. Qg3 a6 13. Bh3 Qd7 14. Qh4 h5 15. Rdg1 b5 16. Nxh5 gxh5 17. Bf6 Bg6 18. Qxh5 Rxf6 19. exf6 Bxh5 20. Rxg7+ Kf8 21. Bg4 Qd6 22. Ne2 Nf5 23. Bxf5 exf5 24. Rxh5 Qxf6 25. Rxc7 Re8 26. Nf4 Nxd4 27. Ng6+ Qxg6 28. Rh8+ Qg8 29. Rxg8+ Kxg8 30. Rd7 Nf3 31. c3 Re1+ 32. Kc2 Re2+ 33. Kb3 Rxf2 34. Rxd5 Nd2+ 35. Kb4 f4 36. a3 f3 37. Rd6 Nc4 38. Rxa6 Rxb2+ 39. Kc5 f2 40. Rf6 Ne3 41. Rxf2 Rxf2 42. Kxb5 Rb2+ 43. Ka4 Kf7 44. c4 Ke6 45. c5 Kd5 46. c6 Kxc6 47. Ka5 Nc4+ 48. Ka4 Nb6+ 49. Ka5 Rb5+ 50. Ka6 Rb3 51. a4 Ra3 52. Ka7 Rxa4+ 53. Kb8 Ra8# 0-1


[Site "https://www.chess.com"]

[Event "Titled Tuesday Blitz July 6 2021"]
[White "Lagunow, Raphael"]
[Black "Golubenko, Valentina"]
[WhiteFideId "24652644"]
[BlackFideId "4501993"]
[WhiteElo "2400"]
[BlackElo "2164"]
[Result "0-1"]
[Round "11"]
[TimeControl "180+1"]
[Date "2021.07.06"]
[WhiteClock "0:00:44"]
[BlackClock "0:00:48"]

1. e4 e6 2. b3 d5 3. Bb2 c5 4. Nc3 d4 5. Nce2 Nc6 6. Ng3 Nf6 7. f4 h5 8. h4 Qc7 9. Qf3 Nb4 10. Bd3 Bd7 11. N1e2 Be7 12. O-O O-O-O 13. c3 dxc3 14. dxc3 Nxd3 15. Qxd3 Bc6 16. Qc2 Ng4 17. Bc1 Bxh4 18. Bd2 Bxg3 19. Nxg3 h4 20. Ne2 h3 21. Ng3 hxg2 22. Kxg2 Rh2+ 23. Kf3 Rdxd2 0-1


[Site "https://www.chess.com"]

[Event "Titled Tuesday Blitz July 6 2021"]
[White "Lee, Qing Aun"]
[Black "Erdogdu, Mert"]
[WhiteFideId "5804167"]
[BlackFideId "6301495"]
[WhiteElo "2023"]
[BlackElo "2485"]
[Result "1-0"]
[Round "11"]
[TimeControl "180+1"]
[Date "2021.07.06"]
[WhiteClock "0:00:02"]
[BlackClock "0:00:08"]

1. e4 c5 2. Nf3 d6 3. d3 Nc6 4. g3 g6 5. Bg2 Bg7 6. O-O Nf6 7. Nbd2 O-O 8. c3 Rb8 9. d4 cxd4 10. cxd4 d5 11. e5 Ne4 12. Re1 Bf5 13. Nb3 a5 14. a4 f6 15. exf6 Bxf6 16. Bf4 Rc8 17. Ne5 Nxe5 18. dxe5 Bg7 19. Nd4 Nxf2 20. Kxf2 g5 21. Nxf5 Rxf5 22. Bh3 Rf8 23. Bxc8 Qxc8 24. Qxd5+ Kh8 25. Rac1 Qh3 26. Qg2 Qh6 27. Kg1 gxf4 28. gxf4 Qxf4 29. Rf1 Qe3+ 30. Kh1 Rg8 31. Rce1 Qb3 32. Rg1 Qxa4 33. Re4 Qc6 34. Rg4 Qxg2+ 35. R1xg2 b5 36. h4 h6 37. e6 Kh7 38. h5 a4 39. Rb4 Rb8 40. Rf2 Bf6 41. Kg2 Rb6 42. Re2 Kg7 43. Kf3 Bg5 44. Kg4 Kf6 45. Rbe4 b4 46. Rf2+ Kg7 47. Rf7+ Kg8 48. Kf5 a3 49. Rc4 Rb8 50. bxa3 bxa3 51. Ra4 Bc1 52. Kg6 Kh8 53. Rh7+ Kg8 54. Rg7+ Kh8 55. Rh7+ Kg8 56. Rxe7 Kh8 57. Rh7+ Kg8 58. Raa7 Bb2 59. Rhe7 Kh8 60. Rh7+ Kg8 61. Rhf7 Kh8 62. e7 Rg8+ 63. Kf5 Rg5+ 64. Ke6 Re5+ 65. Kd7 Kg8 66. Rf8+ Kg7 67. e8=Q Rxe8 68. Kxe8# 1-0


[Site "https://www.chess.com"]

[Event "Titled Tuesday Blitz July 6 2021"]
[White "Leve, Nitai"]
[Black "Tqebuchava, Zurab"]
[WhiteFideId "2006898"]
[BlackFideId "13601113"]
[WhiteElo "2144"]
[BlackElo "2091"]
[Result "1-0"]
[Round "11"]
[TimeControl "180+1"]
[Date "2021.07.06"]
[WhiteClock "0:00:07"]
[BlackClock "0:00:06"]

1. e4 g6 2. Nf3 Bg7 3. d4 c6 4. Nc3 d6 5. Bc4 d5 6. exd5 b5 7. Bb3 b4 8. Ne4 cxd5 9. Nc5 Nf6 10. O-O O-O 11. a3 bxa3 12. Rxa3 Bg4 13. h3 Bxf3 14. Qxf3 Nc6 15. c3 e6 16. Bg5 h6 17. Bxf6 Bxf6 18. Ba4 Nb8 19. Bc2 Be7 20. Rfa1 Bxc5 21. dxc5 Nc6 22. b4 Qc7 23. Qe3 Kg7 24. b5 Ne5 25. b6 Qb8 26. Rxa7 Rxa7 27. bxa7 Qa8 28. Qxe5+ Kh7 29. Qd6 Kg7 30. c6 Rd8 31. Qxd8 Qxd8 32. a8=Q Qf6 33. c7 Qe5 34. c8=Q 1-0


[Site "https://www.chess.com"]

[Event "Titled Tuesday Blitz July 6 2021"]
[White "Maevsky, Nikolay"]
[Black "Jarovinsky, Alexey"]
[WhiteFideId "4198220"]
[BlackFideId "14115131"]
[WhiteElo "2213"]
[BlackElo "2446"]
[Result "0-1"]
[Round "11"]
[TimeControl "180+1"]
[Date "2021.07.06"]
[WhiteClock "0:00:08"]
[BlackClock "0:00:14"]

1. d4 Nc6 2. Nf3 d6 3. e4 Nf6 4. Nc3 g6 5. Be3 Bg7 6. h3 O-O 7. d5 Nb4 8. Bc4 c6 9. O-O cxd5 10. exd5 Bd7 11. a3 Na6 12. Nd4 Nc5 13. Re1 Rc8 14. Bf1 a6 15. a4 Re8 16. a5 Nce4 17. Nxe4 Nxe4 18. c4 Nc5 19. b4 e5 20. dxe6 Nxe6 21. Nxe6 Bxe6 22. Rc1 Qh4 23. g3 Qe7 24. Qd2 h5 25. h4 Be5 26. Bg5 Qc7 27. Rxe5 dxe5 28. Bf6 Kh7 29. Qg5 Bf5 30. Be2 Re6 31. Bxh5 Qc6 32. Bd8 Qd7 33. Bb6 Rxb6 34. axb6 gxh5 35. Qxh5+ Kg7 36. Rd1 Qe6 37. Qg5+ Qg6 38. Qe3 Re8 39. Rd5 Qf6 40. h5 Bh7 41. g4 Qf4 42. Qxf4 exf4 43. Rd7 Re4 44. Rxb7 Rxc4 45. f3 Rxb4 46. g5 Rb5 47. g6 Bg8 48. h6+ Kxg6 49. Rb8 Bh7 50. b7 Kxh6 51. Kg2 a5 52. Kh3 a4 53. Kg4 a3 54. Ra8 Rxb7 55. Rxa3 Rb4 56. Ra6+ Bg6 57. Rf6 Kg7 58. Rd6 Rc4 59. Kg5 Rc5+ 60. Kxf4 Rf5+ 61. Kg3 Rf6 62. Rd4 Bf5 63. Kf2 Be6 64. Kg3 Rf5 65. Rd3 Bd5 66. Kg4 Kf6 67. Re3 Bxf3+ 68. Kg3 Bd5 69. Rd3 Be6 70. Rd4 Rg5+ 71. Kf3 Kg6 72. Rd3 Rf5+ 73. Kg2 Rh5 74. Rd8 Kh6 75. Rh8+ Kg5 76. Rg8+ Kf4 77. Rf8 Rg5+ 78. Kf2 Rb5 79. Rd8 Rb2+ 80. Ke1 f5 81. Kd1 Rb3 82. Rd4+ Ke3 83. Rh4 Rd3+ 84. Ke1 Rd4 85. Rh3+ Ke4 86. Rh4+ f4 87. Rh6 Bd5 88. Rh8 Ke3 89. Re8+ Be4 90. Rh8 Rd3 91. Rc8 f3 92. Rc2 Rb3 93. Re2+ Kf4 94. Rd2 Rb1+ 95. Kf2 Rh1 96. Rd6 Rh2+ 97. Kg1 Rb2 98. Rd1 Kg3 99. Rf1 Rg2+ 100. Kh1 Rh2+ 101. Kg1 Rh3 102. Rf2 Rh1+ 103. Kxh1 Kxf2 104. Kh2 Ke2 105. Kh3 f2 106. Kh2 f1=Q 107. Kg3 Qe1+ 108. Kh2 Qd1 109. Kg3 Qc1 110. Kh2 Qc2 111. Kg3 Qc6 112. Kf4 Qb7 113. Kg3 Qa8 114. Kh2 Qa7 115. Kg3 Bb1 116. Kh2 Qg7 117. Kh1 Kf2 118. Kh2 Qh8# 0-1


[Site "https://www.chess.com"]

[Event "Titled Tuesday Blitz July 6 2021"]
[White "Makhmudov, Shukhrat"]
[Black "Chen, Max"]
[WhiteFideId "14200775"]
[BlackFideId "2622440"]
[WhiteElo "2135"]
[BlackElo "2490"]
[Result "1/2-1/2"]
[Round "11"]
[TimeControl "180+1"]
[Date "2021.07.06"]
[WhiteClock "0:00:12"]
[BlackClock "0:00:09"]

1. e4 c6 2. Nc3 d5 3. exd5 cxd5 4. d4 Nc6 5. Bf4 a6 6. Nf3 Nf6 7. h3 Bf5 8. a3 e6 9. Nh4 Bg6 10. Nxg6 hxg6 11. Be2 Bd6 12. Bg5 Rc8 13. Bf3 Qb6 14. Bxf6 gxf6 15. O-O Qxd4 16. Qe2 O-O 17. Rad1 Qb6 18. b4 Nd4 19. Qd3 Be5 20. Na4 Qb5 21. Nc5 Nxf3+ 22. Qxf3 Kg7 23. c3 b6 24. a4 Qc4 25. Nd7 Qxc3 26. Qxc3 Rxc3 27. Nxf8 Kxf8 28. b5 Ra3 29. f4 Bc3 30. Rf3 axb5 31. axb5 Ke7 32. Kf1 Kd6 33. g4 Kc5 34. f5 gxf5 35. gxf5 e5 36. h4 d4 37. h5 Ra8 38. h6 Rh8 39. Rh3 Kxb5 40. h7 Kc4 41. Ke2 e4 42. Rg1 d3+ 43. Kf1 e3 44. Rg4+ Kb3 45. Rxe3 Kc2 46. Rg2+ d2 47. Rxc3+ Kxc3 48. Ke2 Kc2 49. Rg1 Rxh7 50. Ke3 Rh3+ 51. Ke2 Rh5 52. Rf1 b5 53. Ke3 d1=Q 54. Rxd1 Kxd1 55. Kf4 Rg5 56. Ke4 b4 57. Ke3 b3 58. Kf4 b2 59. Ke4 b1=Q+ 60. Ke3 Qxf5 61. Kd4 Rg4+ 62. Ke3 Qh5 63. Kf2 Qh3 1/2-1/2


[Site "https://www.chess.com"]

[Event "Titled Tuesday Blitz July 6 2021"]
[White "Maltsevskaya, Aleksandra"]
[Black "Borisova, Ekaterina"]
[WhiteFideId "24174041"]
[BlackFideId "34124184"]
[WhiteElo "2225"]
[BlackElo "2021"]
[Result "1-0"]
[Round "11"]
[TimeControl "180+1"]
[Date "2021.07.06"]
[WhiteClock "0:01:03"]
[BlackClock "0:01:40"]

1. e4 e5 2. Nf3 Nf6 3. Nxe5 d6 4. Nf3 Nxe4 5. Nc3 Nf6 6. d4 Be7 7. Bd3 O-O 8. O-O Bg4 9. h3 Bh5 10. Ne4 Nxe4 11. Bxe4 d5 12. Bd3 Nc6 13. c3 Bg6 14. Bxg6 hxg6 15. Qb3 Na5 16. Qa4 b6 17. Re1 Bd6 18. Bg5 Qc8 19. Be7 Bxe7 20. Rxe7 Qb7 21. Qd7 Rad8 22. Qxc7 Qa6 23. Ng5 Rc8 24. Qf4 f6 25. Ne6 Rf7 26. Rxf7 Kxf7 27. Qd6 Qb7 28. Nd8+ Rxd8 29. Qxd8 Nc4 30. Re1 1-0


[Site "https://www.chess.com"]

[Event "Titled Tuesday Blitz July 6 2021"]
[White "Maly, Alexey"]
[Black "Bluebaum, Matthias"]
[WhiteFideId "14103184"]
[BlackFideId "24651516"]
[WhiteElo "2285"]
[BlackElo "2685"]
[Result "0-1"]
[Round "11"]
[TimeControl "180+1"]
[Date "2021.07.06"]
[WhiteClock "0:00:01"]
[BlackClock "0:01:19"]

1. d4 Nf6 2. c4 e6 3. Nf3 d5 4. e3 a6 5. Nbd2 c5 6. dxc5 Bxc5 7. a3 dxc4 8. Bxc4 b5 9. Be2 Bb7 10. b4 Bd6 11. Bb2 O-O 12. O-O Nbd7 13. Nc4 Bc7 14. Nce5 Nxe5 15. Nxe5 Qb8 16. f4 Rd8 17. Qe1 Bb6 18. Bf3 Qa7 19. Bxb7 Qxb7 20. Rf3 Ne4 21. Qh4 Rd2 22. Rh3 h6 23. Rb1 Rad8 24. Qg4 Nf2 25. Qf3 Nxh3+ 26. Qxh3 Bxe3+ 27. Kf1 Rf2+ 28. Ke1 Qxg2 29. Qxg2 Rxg2 0-1


[Site "https://www.chess.com"]

[Event "Titled Tuesday Blitz July 6 2021"]
[White "Marcziter, Dmitrii"]
[Black "Eynullayev, Atilla"]
[WhiteFideId "13900765"]
[BlackFideId "13413570"]
[WhiteElo "2155"]
[BlackElo "1997"]
[Result "1/2-1/2"]
[Round "11"]
[TimeControl "180+1"]
[Date "2021.07.06"]
[WhiteClock "0:00:48"]
[BlackClock "0:02:09"]

1. d4 Nf6 2. Nf3 e6 3. c4 Bb4+ 4. Nbd2 O-O 5. a3 Bxd2+ 6. Bxd2 b6 7. Bf4 Bb7 8. h3 d6 9. e3 Nbd7 10. Be2 Re8 11. Qc2 e5 12. dxe5 dxe5 13. Bg3 Qe7 14. O-O Be4 15. Qc3 a5 16. b4 axb4 17. axb4 Rxa1 18. Rxa1 Bg6 19. Rd1 Ne4 20. Qb2 Nxg3 21. fxg3 h6 22. Nh4 Bh7 23. Bg4 Nf6 24. Bf5 Rd8 25. Rd2 Rxd2 26. Qxd2 Bxf5 27. Nxf5 Qd7 28. Qxd7 Nxd7 29. Ne7+ Kf8 30. Nd5 c6 31. Nc3 Ke7 32. e4 Ke6 33. Kf2 Nb8 34. Ke3 g6 35. g4 Nd7 36. b5 cxb5 37. cxb5 Kd6 38. h4 Kc5 39. g5 hxg5 40. hxg5 Kc4 41. Kd2 Nc5 42. Kc2 Nb3 43. g3 Nd4+ 44. Kb2 Nxb5 45. Nd5 Nd6 46. Nxb6+ Kd4 47. Nd7 Nxe4 48. Kc2 Nxg5 49. Kd2 Ne4+ 50. Ke2 Nxg3+ 51. Kf3 Nf5 52. Nf6 Nd6 53. Nd7 e4+ 54. Kf4 e3 55. Kf3 Nf5 56. Nf6 Nh4+ 57. Ke2 Ng2 58. Kf3 Nf4 59. Ng4 Nd5 60. Nf6 Kd3 61. Nxd5 e2 62. Nf4+ Kd2 63. Nxe2 f5 64. Ng3 Kd3 65. Nxf5 gxf5 66. Kf4 Kd4 67. Kxf5 1/2-1/2


[Site "https://www.chess.com"]

[Event "Titled Tuesday Blitz July 6 2021"]
[White "Markidis, Konstantinos"]
[Black "Serikbay, Assel"]
[WhiteFideId "4203500"]
[BlackFideId "13706799"]
[WhiteElo "2304"]
[BlackElo "2044"]
[Result "1-0"]
[Round "11"]
[TimeControl "180+1"]
[Date "2021.07.06"]
[WhiteClock "0:00:25"]
[BlackClock "0:00:04"]

1. e4 c5 2. Nf3 Nc6 3. Bb5 e6 4. O-O Nge7 5. d4 cxd4 6. Nxd4 a6 7. Be2 Nxd4 8. Qxd4 Nc6 9. Qc3 d5 10. exd5 Qxd5 11. Be3 Qe5 12. Bf3 Qxc3 13. Nxc3 Be7 14. Na4 Bd6 15. Nb6 Rb8 16. Rad1 Bc7 17. Bc5 Ne5 18. Be2 Nd7 19. Nxd7 Bxd7 20. Bf3 Bb5 21. Rfe1 Bc6 22. Bxc6+ bxc6 23. b3 Ba5 24. Re4 Rb5 25. b4 Bc7 26. a4 Rb8 27. a5 e5 28. g4 Rd8 29. Rxd8+ Kxd8 30. Re3 Kd7 31. f4 f6 32. Rd3+ Ke6 33. f5+ Kf7 34. Rd7+ 1-0


[Site "https://www.chess.com"]

[Event "Titled Tuesday Blitz July 6 2021"]
[White "Mickiewicz, Piotr"]
[Black "Spata, German"]
[WhiteFideId "1114891"]
[BlackFideId "113026"]
[WhiteElo "2263"]
[BlackElo "2238"]
[Result "1-0"]
[Round "11"]
[TimeControl "180+1"]
[Date "2021.07.06"]
[WhiteClock "0:00:24"]
[BlackClock "0:00:21"]

1. e4 d5 2. exd5 Qxd5 3. Nc3 Qd8 4. d4 Nf6 5. Bf4 g6 6. Qd2 Bg7 7. O-O-O c6 8. Bh6 O-O 9. h4 Qa5 10. Bxg7 Kxg7 11. h5 Nxh5 12. Be2 Nf6 13. Qh6+ Kg8 14. d5 Rd8 15. Ne4 Rxd5 16. Nxf6+ exf6 17. Qxh7+ Kf8 18. Qh8+ Ke7 19. Qxc8 Rxd1+ 20. Bxd1 Qg5+ 21. Kb1 Qd2 22. Nf3 Qd7 23. Re1+ Kd6 24. Qf8+ Kd5 25. c4+ Kxc4 26. Re4+ Kb5 27. Be2+ Kb6 28. Qb4+ Kc7 29. Re7 1-0


[Site "https://www.chess.com"]

[Event "Titled Tuesday Blitz July 6 2021"]
[White "Mirzoev, Azer"]
[Black "Vlassov, Nikolai"]
[WhiteFideId "13400304"]
[BlackFideId "4103360"]
[WhiteElo "2525"]
[BlackElo "2407"]
[Result "1-0"]
[Round "11"]
[TimeControl "180+1"]
[Date "2021.07.06"]
[WhiteClock "0:00:18"]
[BlackClock "0:00:01"]

1. d4 Nf6 2. Nf3 e6 3. c4 Nc6 4. e3 Bb4+ 5. Bd2 a5 6. a3 Bxd2+ 7. Nbxd2 d6 8. Be2 O-O 9. O-O e5 10. h3 Bf5 11. Rc1 Re8 12. Re1 h6 13. Bf1 Nd7 14. Qb3 Nb6 15. c5 a4 16. Qa2 dxc5 17. dxc5 Nd7 18. Bb5 Qe7 19. Qc4 Na5 20. Qc3 Nc6 21. Nc4 f6 22. Ncd2 Kf8 23. Nh4 Bh7 24. Bd3 e4 25. Nxe4 Bxe4 26. Red1 Rad8 27. Ng6+ Bxg6 28. Bxg6 Nde5 29. Bxe8 Qxe8 30. Qc2 Kf7 31. Qxa4 Rxd1+ 32. Rxd1 Qe6 33. Qb5 Nd7 34. Qxb7 Nxc5 35. Qxc7+ Kg6 36. Rd6 Qb3 37. Rxc6 Ne4 38. Qf4 Qd1+ 39. Kh2 Qd5 40. Qg4+ Kh7 41. Rc7 Qe5+ 42. Qf4 Qd5 43. b4 h5 44. a4 Kg6 45. b5 Nd6 46. Rd7 1-0


[Site "https://www.chess.com"]

[Event "Titled Tuesday Blitz July 6 2021"]
[White "Mohammad Fahad, Rahman"]
[Black "Saravana, Krishnan P."]
[WhiteFideId "10207791"]
[BlackFideId "5018382"]
[WhiteElo "2323"]
[BlackElo "2245"]
[Result "1-0"]
[Round "11"]
[TimeControl "180+1"]
[Date "2021.07.06"]
[WhiteClock "0:00:02"]
[BlackClock "0:00:47"]

1. e4 e6 2. d4 d5 3. Nc3 Bb4 4. e5 c5 5. a3 Bxc3+ 6. bxc3 Qa5 7. Bd2 Qa4 8. Qg4 g6 9. h4 Nc6 10. Nf3 h6 11. h5 g5 12. Kd1 f5 13. exf6 Nxf6 14. Qh3 e5 15. Qh2 Bf5 16. Rc1 exd4 17. cxd4 O-O 18. Be2 Rae8 19. Ke1 cxd4 20. Kf1 Rxe2 21. Kxe2 Qc4+ 22. Kd1 d3 23. cxd3 Qxd3 24. Re1 Qb3+ 25. Ke2 Re8+ 26. Kf1 Ne4 27. Be3 Qxa3 28. Kg1 Qe7 29. Nd4 Bd7 30. Nxc6 bxc6 31. Bxa7 Qa3 32. Bd4 c5 33. Be3 d4 34. Qc7 dxe3 35. fxe3 1-0


[Site "https://www.chess.com"]

[Event "Titled Tuesday Blitz July 6 2021"]
[White "Molina, Roberto Junio Brito"]
[Black "Svane, Rasmus"]
[WhiteFideId "2109450"]
[BlackFideId "4657101"]
[WhiteElo "2402"]
[BlackElo "2669"]
[Result "0-1"]
[Round "11"]
[TimeControl "180+1"]
[Date "2021.07.06"]
[WhiteClock "0:00:02"]
[BlackClock "0:00:04"]

1. d4 d5 2. c4 e6 3. Nc3 a6 4. cxd5 exd5 5. Bf4 Nf6 6. e3 c5 7. Nf3 c4 8. Be2 Nc6 9. O-O Be7 10. Ne5 Be6 11. Nxc6 bxc6 12. b3 Qa5 13. Qc2 O-O 14. h3 Rfc8 15. Na4 c5 16. dxc5 Bxc5 17. Nxc5 Qxc5 18. Be5 Ne4 19. Bd4 Qc6 20. bxc4 dxc4 21. Rab1 Rab8 22. Rxb8 Rxb8 23. Rb1 Rxb1+ 24. Qxb1 h6 25. Bf3 Bd5 26. Qb8+ Kh7 27. Bd1 Ng5 28. f3 Qg6 29. Kf2 Ne6 30. Qb2 Nxd4 31. Qxd4 Qc6 32. Bc2+ g6 33. h4 h5 34. Qe5 Kg8 35. Qb8+ Kh7 36. Qe5 Kg8 37. a3 c3 38. Qb8+ Kg7 39. Qe5+ Kf8 40. Qd4 Be6 41. e4 Ke7 42. Ke3 Qc7 43. Qb4+ Kf6 44. Qd4+ Ke7 45. Qb4+ Kd7 46. Ba4+ Kc8 47. Bc2 Qa7+ 48. Qd4 Qc7 49. a4 a5 50. Kd3 Kb7 51. Qxc3 Qg3 52. Qb2+ Kc7 53. Bd1 Qxh4 54. Qc3+ Kd7 55. Qxa5 Qf2 56. Qb5+ Ke7 57. Qb4+ Ke8 58. Qb8+ Kd7 59. Qb5+ Kc7 0-1


[Site "https://www.chess.com"]

[Event "Titled Tuesday Blitz July 6 2021"]
[White "Nakamura, Hikaru"]
[Black "Andreikin, Dmitry"]
[WhiteFideId "2016192"]
[BlackFideId "4158814"]
[WhiteElo "2900"]
[BlackElo "2782"]
[Result "1-0"]
[Round "11"]
[TimeControl "180+1"]
[Date "2021.07.06"]
[WhiteClock "0:00:06"]
[BlackClock "0:00:02"]

1. Nf3 d5 2. e3 Nf6 3. c4 c6 4. d4 a6 5. Bd3 Bg4 6. Qb3 Qc7 7. cxd5 Bxf3 8. gxf3 cxd5 9. Nc3 e6 10. Bd2 Nc6 11. Rc1 Bd6 12. f4 O-O 13. Ne2 Rac8 14. O-O Qe7 15. Kh1 Ng4 16. f3 Nf6 17. Rg1 g6 18. e4 Bb4 19. Be3 Na5 20. Qd1 Nc4 21. Bxc4 Rxc4 22. Rxc4 dxc4 23. Qa4 Nd5 24. Bf2 Nb6 25. Qc2 Rc8 26. h4 Nd7 27. h5 b5 28. Kg2 Bd6 29. hxg6 fxg6 30. Qd2 Rf8 31. Bg3 Bb4 32. Qe3 Nf6 33. Rd1 Nh5 34. Bh2 Bd6 35. e5 Bb4 36. d5 Bc5 37. Qe4 Qh4 38. dxe6 Qf2+ 39. Kh1 Ng7 40. Qd5 Be7 41. Qe4 Nf5 42. Bg1 Qxe2 43. Qxe2 Ng3+ 44. Kh2 Nxe2 45. Rd7 Re8 46. Be3 Bh4 47. Kh3 Be1 48. e7 Kf7 49. Rd6 Bb4 50. Rf6+ Kxe7 51. Rxa6 Rd8 52. f5 Bd2 53. Bc5+ Kf7 54. e6+ Kg8 55. f6 Nf4+ 56. Kg3 Nxe6 57. Rxe6 Bh6 58. Rb6 Bf8 59. Bxf8 Kxf8 60. Rxb5 Rd2 61. a4 Kf7 62. Rb6 Rd5 63. Rb4 Rc5 64. Rb6 Ra5 65. Rb4 Rc5 66. Rb5 Rc6 67. a5 c3 68. bxc3 Rxc3 69. Rb6 Ra3 70. a6 1-0


[Site "https://www.chess.com"]

[Event "Titled Tuesday Blitz July 6 2021"]
[White "Naroditsky, Daniel"]
[Black "Obregon, Andres Carlos"]
[WhiteFideId "2026961"]
[BlackFideId "111724"]
[WhiteElo "2608"]
[BlackElo "2572"]
[Result "1-0"]
[Round "11"]
[TimeControl "180+1"]
[Date "2021.07.06"]
[WhiteClock "0:00:29"]
[BlackClock "0:00:02"]

1. e4 e5 2. Nf3 Nc6 3. Nc3 Nf6 4. g3 Bc5 5. Bg2 d6 6. O-O a6 7. d3 h6 8. h3 O-O 9. Kh2 Nd4 10. Nd2 c6 11. f4 Re8 12. Ne2 Bg4 13. Nf3 Bxf3 14. Bxf3 Nxf3+ 15. Rxf3 d5 16. exd5 e4 17. dxe4 Nxe4 18. Nc3 Qf6 19. dxc6 Rad8 20. Nxe4 Rxe4 21. Rd3 Rde8 22. Rd2 Qxc6 23. Qf3 Re2+ 24. Qxe2 Rxe2+ 25. Rxe2 Qf3 26. Rg2 Qf1 27. b3 h5 28. Bb2 Qf3 29. h4 Bf2 30. a4 f6 31. b4 g5 32. Ra3 Bxg3+ 33. Rxg3 Qf2+ 34. Kh1 g4 35. Rae3 Qxf4 36. Kg2 f5 37. Re2 Qc4 38. Rge3 Qd5+ 39. Kg3 Qd6+ 40. Be5 Qxb4 41. Bf4 Kf7 42. Re7+ 1-0


[Site "https://www.chess.com"]

[Event "Titled Tuesday Blitz July 6 2021"]
[White "Navalgund, Niranjan"]
[Black "Zubritskiy, Artyom"]
[WhiteFideId "5030854"]
[BlackFideId "4181247"]
[WhiteElo "2290"]
[BlackElo "2559"]
[Result "1-0"]
[Round "11"]
[TimeControl "180+1"]
[Date "2021.07.06"]
[WhiteClock "0:02:31"]
[BlackClock "0:02:28"]

1. e4 e5 2. Nf3 f5 3. Nc3 Nc6 4. d4 fxe4 5. Nxe5 Nf6 6. Bc4 d5 7. Nxd5 Nxd5 8. Qh5+ g6 9. Nxg6 Nf6 10. Bf7+ Kxf7 11. Ne5+ Ke6 12. Qf7+ Kd6 13. Nc4# 1-0


[Site "https://www.chess.com"]

[Event "Titled Tuesday Blitz July 6 2021"]
[White "Noboa Silva, Kevin"]
[Black "Nathan, Nitish"]
[WhiteFideId "3618471"]
[BlackFideId "30927870"]
[WhiteElo "2161"]
[BlackElo "2207"]
[Result "1-0"]
[Round "11"]
[TimeControl "180+1"]
[Date "2021.07.06"]
[WhiteClock "0:00:57"]
[BlackClock "0:02:06"]

1. d4 d5 2. c4 c6 3. cxd5 cxd5 4. Bf4 Bf5 5. e3 e6 6. Nc3 Nc6 7. Qb3 Qb6 8. Qxb6 axb6 9. Bb5 Nf6 10. Nf3 Bb4 11. O-O O-O 12. Rfc1 Rfc8 13. Na4 Ne4 14. Nxb6 Ne7 15. Nxc8 Nxc8 16. a3 Bd6 17. Ne5 f6 18. Nd3 Bxf4 19. Nxf4 Ncd6 20. Bd3 g5 21. Ne2 Nd2 22. Bxf5 Nxf5 23. Rc7 b5 24. Rb7 Nb3 25. Rd1 Ra5 26. Nc3 Nd6 27. Rb6 Nc4 28. Rxb5 Rxb5 29. Nxb5 Nxb2 30. Rb1 1-0


[Site "https://www.chess.com"]

[Event "Titled Tuesday Blitz July 6 2021"]
[White "Odegov, Artem"]
[Black "Sargissyan, Sargis"]
[WhiteFideId "34183644"]
[BlackFideId "13303210"]
[WhiteElo "2288"]
[BlackElo "2174"]
[Result "1-0"]
[Round "11"]
[TimeControl "180+1"]
[Date "2021.07.06"]
[WhiteClock "0:00:31"]
[BlackClock "0:00:02"]

1. d4 Nf6 2. c4 g6 3. Nc3 Bg7 4. e4 O-O 5. h3 d6 6. Be3 c5 7. d5 e6 8. Bd3 exd5 9. cxd5 Re8 10. Nge2 c4 11. Bc2 b5 12. Nxb5 Nxe4 13. Bxe4 Rxe4 14. Nbc3 Re8 15. O-O Nd7 16. Nd4 Ne5 17. Nc6 Qd7 18. Nxe5 Bxe5 19. Bd4 Rb8 20. Bxe5 Rxe5 21. Qd2 Qb7 22. Qd4 Qc7 23. Rae1 Bf5 24. f4 Rxe1 25. Rxe1 Qb6 26. Qxb6 Rxb6 27. Re2 Bd3 28. Rd2 Kf8 29. b3 h5 30. Kh2 Ke7 31. Kg3 Rb4 32. Kf3 Bf5 33. Rd4 Bd3 34. g4 h4 35. bxc4 Bf1 36. Re4+ Kd7 37. Re3 Rxc4 38. Kf2 Rxf4+ 39. Kg1 Bc4 40. Kg2 Bf1+ 41. Kg1 Bc4 42. a4 Ba6 43. Ne4 Bc4 44. g5 Bxd5 45. Nf6+ Kc6 46. Re8 Bf3 47. Rc8+ Kb7 48. Rf8 Bc6 49. Rxf7+ Kb6 50. Nd5+ Bxd5 51. Rxf4 Be6 52. Rxh4 Ka5 53. Kh2 Bb3 54. Rd4 d5 55. h4 Kb6 56. h5 gxh5 57. g6 Bc2 58. g7 Bh7 59. Rxd5 1-0


[Site "https://www.chess.com"]